 Dungeon Sprint DCSS version 0.21.2 (webtiles) character file.

19924 Fang the Severer (level 12, -6/138 HPs)
             Began as a Gargoyle Berserker on Dec 21, 2018.
             Was the Champion of Trog.
             Mangled by a spriggan defender
             ... wielding a +1 lajatang of venom
              (11 damage)
             ... in the Dungeon (Sprint VII: "The Pits").
             The game lasted 00:10:36 (2967 turns).

Fang the Severer (Gargoyle Berserker)               Turns: 2967, Time: 00:10:37

Health: -6/138     AC: 28    Str: 34    XL:     12   Next: 74%
Magic:  5/12       EV: 12    Int:  9    God:    Trog [******]
Gold:   19         SH:  0    Dex: 11    Spells: 11/11 levels left

rFire    . . .     SeeInvis .   E - +10 hand axe of the Assorted Yaks {holy, MR++ Int-2}
rCold    + . .     Gourm    .   (no shield)
rNeg     + . .     Faith    .   H - +3 plate armour {rC+}
rPois    ∞         Spirit   .   (no helmet)
rElec    +         Reflect  .   (no cloak)
rCorr    .         Harm     .   (no gloves)
MR       ++...     NoTele   +   (no boots)
Stlth    ..........             (no amulet)
HPRegen  0.33/turn              p - +3 ring of intelligence
MPRegen  0.13/turn              s - +3 ring of strength

@: berserking (expiring), very quick
A: thin skeletal structure 1, negative energy resistance 1, screaming 1,
electricity resistance, unbreathing, petrification resistance, rot immunity, AC
+8
a: Berserk, Trog's Hand, Brothers in Arms, Burn Spellbooks, Renounce Religion


You were in the Dungeon.
You worshipped Trog.
Trog was exalted by your worship.
You were near starving.

You visited 1 branch You collected 19 gold pieces.

Inventory:

Hand Weapons
 b - a +2 antimagic executioner's axe
 j - a +2 executioner's axe of draining
 m - a +4 battleaxe of flaming
 n - the +7 broad axe "Worm" {chop, rF+ Dex+2 Stlth+}
   (Trog gifted it to you in the Dungeon)

   It inflicts extra damage upon your enemies.
   It affects your dexterity (+2).
   It protects you from fire.
   It makes you more stealthy.
 u - a +2 war axe of freezing
 D - the +11 hand axe of Xidari {chop, *Slow rElec rN+ Dex+6}
   (You took it off a yellow draconian in the Dungeon)

   It inflicts extra damage upon your enemies.
   It affects your dexterity (+6).
   It insulates you from electricity.
   It protects you from negative energy.
   It may slow you when you take damage.
 E - the +10 hand axe of the Assorted Yaks (weapon) {holy, MR++ Int-2}
   (Trog gifted it to you in the Dungeon)

   It has been blessed by the Shining One to cause great damage to the undead
   and demons.
   It affects your intelligence (-2).
   It affects your resistance to hostile enchantments.
Armour
 H - a +3 plate armour of cold resistance (worn)
Jewellery
 p - a +3 ring of intelligence (left hand)
 s - a +3 ring of strength (right hand)
Wands
 o - a wand of acid (7)
Scrolls
 i - a scroll of blinking
 k - 3 scrolls of remove curse
 l - a scroll of summoning
 w - a scroll of fog
 x - a scroll of identify
 y - 6 scrolls of enchant armour
 z - 4 scrolls of enchant weapon
Potions
 a - 3 potions of invisibility
 d - 7 potions of curing
 e - 15 potions of heal wounds
 f - 2 potions of haste
 g - 4 potions of magic
 h - 4 potions of berserk rage
 q - a potion of resistance
 r - a potion of agility
 t - a potion of might
 B - a potion of flight
Books
 A - the Catalogue of the Scarab
   (You found it in the Dungeon)

   Spells                             Type                      Level
   a - Summon Butterflies             Summoning                    1
   b - Summon Small Mammal            Summoning                    1
   c - Call Imp                       Summoning                    2
   d - Summon Guardian Golem          Hexes/Summoning              3
   e - Summon Lightning Spire         Summoning/Air                4
   f - Dragon's Call                  Summoning                    9
   Trog disapproves of the use of such an item.
 C - the Incunabulum of Air and Creation
   (You found it in the Dungeon)

   Spells                             Type                      Level
   a - Poisonous Vapours              Poison/Air                   2
   b - Recall                         Summoning/Translocation      3
   c - Summon Lightning Spire         Summoning/Air                4
   d - Summon Mana Viper              Hexes/Summoning              5
   e - Aura of Abjuration             Summoning                    5
   Trog disapproves of the use of such an item.
Comestibles
 c - 10 rations


   Skills:
 + Level 18.0 Fighting
 + Level 19.4 Axes
 + Level 14.6 Armour
 + Level 6.9 Dodging
 + Level 4.1 Stealth


You had 11 spell levels left.
You didn't know any spells.

Dungeon Overview and Level Annotations

Branches:
Dungeon (1/1)

Altars:


Innate Abilities, Weirdness & Mutations

You are resistant to torment.
Your stone body is resilient. (AC +8)
You are immune to poison.
You resist negative energy. (rN+)
You are resistant to electric shocks. (rElec)
You can survive without breathing.
You are immune to petrification.
You are immune to rotting.
You have a somewhat thin skeletal structure. (Dex +2, Stealth)
You occasionally shout uncontrollably at your foes.


Message History

You kill the death knight!
Trog accepts your kill.
Your Fighting skill increases to level 18!
Your damage is reflected back at you!
* * * LOW HITPOINT WARNING * * *
The spriggan defender hits you but does no damage.
You closely miss the spriggan defender.
The spriggan defender is severely wounded.
Unknown command.
You slice the spriggan defender!!
The spriggan defender is almost dead.
The spriggan defender hits you with a lajatang of venom!
* * * LOW HITPOINT WARNING * * *
The yaktaur wields an arbalest.
The yaktaur shoots a bolt.
The bolt hits you!
* * * LOW HITPOINT WARNING * * *
Unknown command.
You closely miss the spriggan defender.
The spriggan defender is almost dead.
The spriggan defender hits you with a lajatang of venom!
You die...

##############..#....#..#
......).....''..........#
.....)÷.....''..........#
#####'####..##..#....#..#
.#}#.#.#.#..##..........+
#[#)#.#.##..##..........+
)#.#"#)#.#..####''####''#
#.#.#.#.##..####''####''#########
.#=#.#.#)#..##.)@...##...........
##########..##c#i##.##.....).....
...##.#2E+.##..#########
...##.'k%# ##..# #.#[%+ #..#
#++###########.+})# #..#
........##..##.##+# #..#
.#......##..##. #..#
........''..# #..#


You could see a hell beast, a spriggan defender, a wind drake, an earth
elemental and a yaktaur.

Vanquished Creatures
  A lorocyproca (D)
  A death knight (D)
  A death yak (D)
  Sonja (D)
  A spriggan druid (D)
  An unseen horror (D)
  Pikel (D)
  A flayed ghost (D)
  An orc knight (D)
  A phantasmal warrior (D)
  A necromancer (D)
  2 black mambas (D)
  A guardian serpent (D)
  3 spiny frogs (D)
  An orange demon (D)
  A gargoyle (D)
  A komodo dragon (D)
  2 rime drakes (D)
  A red devil (D)
  A merfolk (D)
  A wandering mushroom (D)
  A troll (D)
  A hornet (D)
  A bog body (D)
  A small abomination (D)
  A water elemental (D)
  A redback (D)
  3 ynoxinuls (D)
  2 wraiths (D)
  A tarantella (D)
  A neqoxec (D)
  A hungry ghost (D)
  A warg (D)
  2 floating eyes (D)
  A porcupine (D)
  2 orc warriors (D)
  2 phantoms (D)
  An ogre (D)
  A centaur (D)
  A big kobold (D)
  A scorpion (D)
  A killer bee (D)
  A jelly (D)
  A gnoll shaman (D)
  An iguana (D)
  2 orc wizards (D)
  A worker ant (D)
  A mummy (D)
  3 gnolls (D)
  2 oozes (D)
  An adder skeleton (D)
  2 leopard geckos (D)
  4 orcs (D)
  2 giant cockroaches (D)
  A goblin (D)
  4 jackals (D)
  A kobold (D)
  A bat (D)
  A leopard gecko skeleton (D)
81 creatures vanquished.

Vanquished Creatures (collateral kills)
  Ilsuiw (D)
  An apis (D)
  A yellow draconian (D)
  A green death (D)
  A great orb of eyes (D)
  A hydra (D)
  A catoblepas (D)
  A sixfirhy (D)
  An unseen horror (D)
  A swamp dragon (D)
  A deep elf mage (D)
  A wolf spider (D)
  3 merfolk sirens (D)
  An ice devil (D)
  An efreet (D)
  A demonic crawler (D)
  A polar bear (D)
  A merfolk (D)
  A tyrant leech (D)
  A redback (D)
  A water elemental (D)
  A fire elemental (D)
  6 vampire mosquitoes (D)
  2 bullfrogs (D)
  An earth elemental (D)
  5 killer bees (D)
  A hell rat (D)
  An ufetubus (D)
  A hobgoblin (D)
41 creatures vanquished.

Vanquished Creatures (others)
  A titan (D)
  A bullfrog (D)
  An adder simulacrum (D)
3 creatures vanquished.

Grand Total: 125 creatures vanquished

Notes
Turn   | Place    | Note
-------+----------+-------------------------------------------
     0 | D        | Fang the Gargoyle Berserker began the quest for the Orb.
     0 | D        | Reached XP level 1. HP: 14/14 MP: 1/1
    17 | D        | Reached skill level 3 in Axes
    54 | D        | Noticed a floating eye
    54 | D        | Noticed a floating eye
    56 | D        | Paralysed by a floating eye for 2 turns
    61 | D        | Killed a floating eye
    61 | D        | Reached skill level 5 in Axes
    61 | D        | Reached XP level 2. HP: 24/24 MP: 2/2
    61 | D        | Reached XP level 3. HP: 28/28 MP: 3/3
    61 | D        | Reached XP level 4. HP: 34/34 MP: 4/4
    61 | D        | Killed a floating eye
    61 | D        | Reached ** piety under Trog
    61 | D        | Reached skill level 7 in Axes
    61 | D        | Reached skill level 1 in Stealth
    61 | D        | Reached XP level 5. HP: 40/40 MP: 5/5
    69 | D        | Killed a titan
    79 | D        | Reached XP level 6. HP: 43/45 MP: 6/6
    80 | D        | Reached *** piety under Trog
   158 | D        | Noticed a phantom
   159 | D        | Noticed a warg
   160 | D        | Noticed a hungry ghost
   166 | D        | Reached **** piety under Trog
   166 | D        | Reached skill level 8 in Axes
   170 | D        | Reached skill level 10 in Fighting
   172 | D        | Killed a hungry ghost
   172 | D        | Reached skill level 9 in Axes
   172 | D        | Reached skill level 5 in Armour
   172 | D        | Reached XP level 7. HP: 43/53 MP: 7/7
   180 | D        | Killed a warg
   336 | D        | Reached ***** piety under Trog
   339 | D        | Noticed a phantasmal warrior
   349 | D        | Killed a phantasmal warrior
   349 | D        | Reached skill level 10 in Axes
   349 | D        | Reached XP level 8. HP: 60/60 MP: 8/8
   405 | D        | Received a gift from Trog
   412 | D        | Reached skill level 5 in Dodging
   428 | D        | Reached skill level 11 in Axes
   471 | D        | Noticed Pikel
   471 | D        | Noticed an orange demon
   471 | D        | Noticed a tarantella
   479 | D        | Killed Pikel
   479 | D        | Reached XP level 9. HP: 68/68 MP: 9/9
   481 | D        | Reached skill level 12 in Axes
   489 | D        | Killed an orange demon
   630 | D        | Noticed a spiny frog
   633 | D        | Reached ****** piety under Trog
   636 | D        | Received a gift from Trog
   641 | D        | Killed a spiny frog
   656 | D        | Noticed a swamp dragon
   657 | D        | Reached skill level 13 in Axes
   659 | D        | Noticed an ice devil
   665 | D        | HP: 3/68 [swamp dragon (4)]
   667 | D        | Killed a swamp dragon
   670 | D        | Killed an ice devil
   670 | D        | Received a gift from Trog
   901 | D        | Noticed a flayed ghost
   910 | D        | Killed a flayed ghost
   910 | D        | Reached skill level 10 in Armour
   910 | D        | Reached XP level 10. HP: 53/75 MP: 10/10
   969 | D        | Noticed Ilsuiw
   971 | D        | Noticed a merfolk siren
   971 | D        | Noticed a merfolk siren
   977 | D        | Noticed a necromancer
   978 | D        | Reached skill level 14 in Axes
   980 | D        | Received a gift from Trog
   984 | D        | Killed a merfolk siren
   986 | D        | Killed an unseen horror
   993 | D        | Noticed a merfolk siren
   993 | D        | HP: 3/76 [something (2)]
   998 | D        | Killed a merfolk siren
   998 | D        | Received a gift from Trog
  1003 | D        | Killed a necromancer
  1003 | D        | Reached skill level 15 in Fighting
  1010 | D        | Killed a merfolk siren
  1015 | D        | Killed Ilsuiw
  1015 | D        | Reached skill level 15 in Axes
  1265 | D        | Noticed a death yak
  1271 | D        | Received a gift from Trog
  1277 | D        | Killed a death yak
  1277 | D        | Reached XP level 11. HP: 78/82 MP: 11/11
  1718 | D        | Noticed Sonja
  1719 | D        | Received a gift from Trog
  1727 | D        | Killed Sonja
  1727 | D        | Received a gift from Trog
  1730 | D        | Reached skill level 16 in Axes
  1749 | D        | Got a smoking broad axe {god gift}
  1750 | D        | Identified the +7 broad axe "Worm" {chop, rF+ Dex+2 Stlth+} (Trog gifted it to you in the Dungeon)
  1975 | D        | Identified the Incunabulum of Air and Creation
  2095 | D        | Gained mutation: Potions are less effective at restoring your health. [potion of mutation]
  2095 | D        | Gained mutation: You are clumsy. (Dex -2) [potion of mutation]
  2095 | D        | Gained mutation: Your spells are a little harder to cast, but a little more powerful. [potion of mutation]
  2096 | D        | Lost mutation: Your spells are a little harder to cast, but a little more powerful. [potion of mutation]
  2096 | D        | Lost mutation: You are clumsy. (Dex -2) [potion of mutation]
  2096 | D        | Lost mutation: Potions are less effective at restoring your health. [potion of mutation]
  2096 | D        | Gained mutation: You occasionally shout uncontrollably at your foes. [potion of mutation]
  2096 | D        | Gained mutation: You have a somewhat thin skeletal structure. (Dex +2, Stealth) [potion of mutation]
  2163 | D        | Received a gift from Trog
  2359 | D        | Noticed a spriggan druid
  2366 | D        | Killed a spriggan druid
  2366 | D        | Received a gift from Trog
  2366 | D        | Reached skill level 17 in Axes
  2405 | D        | Noticed an orc knight
  2415 | D        | Killed an orc knight
  2427 | D        | Received a gift from Trog
  2443 | D        | Reached XP level 12. HP: 77/90 MP: 4/12
  2582 | D        | Noticed a yellow draconian
  2587 | D        | Reached skill level 18 in Axes
  2587 | D        | Noticed a catoblepas
  2593 | D        | Killed a catoblepas
  2595 | D        | Killed a yellow draconian
  2595 | D        | Received a gift from Trog
  2598 | D        | Noticed an apis
  2598 | D        | Noticed a great orb of eyes
  2601 | D        | Got the +11 hand axe of Xidari {chop, *Slow rElec rN+ Dex+6}
  2602 | D        | Noticed a green death
  2602 | D        | Killed an apis
  2602 | D        | Received a gift from Trog
  2603 | D        | Killed a great orb of eyes
  2604 | D        | Killed a green death
  2607 | D        | Got a dazzling hand axe {god gift}
  2611 | D        | Received a gift from Trog
  2612 | D        | Noticed a six-headed hydra
  2622 | D        | Killed a six-headed hydra
  2622 | D        | Reached skill level 19 in Axes
  2623 | D        | Received a gift from Trog
  2875 | D        | Identified the Catalogue of the Scarab
  2918 | D        | Identified the +10 hand axe of the Assorted Yaks {holy, MR++ Int-2} (Trog gifted it to you in the Dungeon)
  2948 | D        | Noticed a hell beast
  2948 | D        | Noticed a spriggan defender
  2948 | D        | Noticed a death knight
  2948 | D        | Noticed an anaconda
  2955 | D        | Killed a lorocyproca
  2964 | D        | Killed a death knight
  2966 | D        | HP: 5/138 [yaktaur/bolt (9)]
  2967 | D        | Mangled by a spriggan defender

Skill      XL: |  1  2  3  4  5  6  7  8  9 10 11 12 |
---------------+-------------------------------------+-----
Fighting       | 7 8 10 12 13 14 15 16 18 | 18.0
Axes           | 5 7 9 10 11 13 15 17 19 | 19.4
Armour         | 3 4 5 6 7 10 12 13 14 | 14.6
Dodging        | 2 3 4 5 6 |  6.9
Stealth        | 1 2 3 4 |  4.1

Action                   |  1- 3 |  4- 6 |  7- 9 | 10-12 || total
-------------------------+-------+-------+-------+-------++-------
Melee: Hand axe          |     8 |    22 |    69 |    16 ||   115
       War axe           |       |       |    24 |    18 ||    42
       Battleaxe         |       |       |       |    17 ||    17
       Executioner's axe |       |       |       |    36 ||    36
       Broad axe         |       |       |       |    64 ||    64
Invok: Berserk           |       |     1 |     4 |     1 ||     6
       Brothers in Arms  |       |       |     1 |     8 ||     9
  Use: Potion            |       |       |     1 |     8 ||     9
  Eat: Chunk             |       |       |     6 |     3 ||     9
       Ration            |       |       |       |     2 ||     2
Armor: Animal skin       |     1 |     1 |       |       ||     2
       Chain mail        |       |     9 |    46 |   173 ||   228
       Plate armour      |       |       |       |     4 ||     4
Dodge: Dodged            |     1 |    15 |    53 |   133 ||   202
